 Dungeon Crawl Stone Soup version 0.23-a0-333-g006994f (webtiles) character file.

5141 rabbit the Thaumaturge (level 10, -5/74 HPs)
             Began as a Gnoll Wizard on Oct 17, 2018.
             Was a Follower of Ashenzari.
             Hit by a large rock thrown by a cyclops (34 damage)
             ... on level 9 of the Dungeon.
             The game lasted 01:09:15 (15075 turns).

rabbit the Thaumaturge (Gnoll Wizard)              Turns: 15075, Time: 01:09:16

Health: -5/74      AC:  4    Str: 18    XL:     10   Next: 58%
Magic:  5/23       EV: 16    Int: 28    God:    Ashenzari [*.....]
Gold:   428        SH:  0    Dex: 13    Spells: 16/27 levels left

rFire    . . .     SeeInvis +   a - +10 falchion of Tiwattim {slice, Str+8 Int+4 SInv}
rCold    + . .     Gourm    .   (no shield)
rNeg     . . .     Faith    .   D - +0 robe
rPois    .         Spirit   .   u - +0 helmet
rElec    .         Reflect  .   s - +0 cloak
rCorr    +         Harm     .   (no gloves)
MR       .....                  (no boots)
Stlth    +++.......             (no amulet)
HPRegen  0.22/turn              K - ring of resist corrosion (curse)
MPRegen  0.18/turn              p - ring of protection from cold

@: no status effects
A: distributed training, fangs 1, strong nose
a: Curse Item, Scrying, Renounce Religion


You were on level 9 of the Dungeon.
You worshipped Ashenzari.
Ashenzari was aware of your devotion.
You were not hungry.

You visited 2 branches of the dungeon, and saw 10 of its levels.

You collected 428 gold pieces.

Inventory:

Hand Weapons
 a - the +10 falchion of Tiwattim (weapon) {slice, Str+8 Int+4 SInv}
   (You took it off an orc on level 9 of the Dungeon)

   It inflicts extra damage upon your enemies.
   It affects your strength (+8).
   It affects your intelligence (+4).
   It lets you see invisible.
 b - a +0 hunting sling
 w - a +0 mace of pain
 G - a +0 dagger
 H - a +0 mace of holy wrath
 J - a +0 hunting sling
 N - a +0 dagger
 O - the +8 war axe of Incongruity {chop, +Blink rN+ Str+5}
   (You found it on level 7 of the Dungeon)

   It inflicts extra damage upon your enemies.
   It affects your strength (+5).
   It protects you from negative energy.
   It lets you blink.
Missiles
 e - 170 stones (quivered)
 h - 102 arrows
 t - 72 bolts
 v - 117 sling bullets
Armour
 s - a +0 cloak (worn)
 u - a +0 helmet (worn)
 D - a +0 robe (worn)
 P - a +0 shield
 Q - a +0 shield
 R - a +0 pair of gloves
Jewellery
 p - a ring of protection from cold (right hand)
 K - a cursed ring of resist corrosion (left hand)
Wands
 C - a wand of acid (6)
Scrolls
 f - 2 scrolls of magic mapping {unknown}
 i - 12 scrolls of identify
 j - 3 scrolls of enchant armour {unknown}
 k - 9 scrolls of remove curse
 x - 7 scrolls of teleportation {unknown}
 y - 2 scrolls of enchant weapon {unknown}
 z - 2 scrolls of random uselessness {unknown}
 B - a scroll of fog {unknown}
 E - a scroll of immolation {unknown}
 I - a scroll of fear {unknown}
 M - a scroll of amnesia {unknown}
Potions
 c - 3 potions of heal wounds
 g - a potion of invisibility {unknown}
 l - a potion of agility {unknown}
 m - 2 potions of ambrosia {unknown}
 n - 6 potions of lignification {unknown}
 o - a potion of flight {unknown}
 q - 5 potions of curing {unknown}
 r - a potion of resistance {unknown}
 A - 4 potions of brilliance {unknown}
 F - a potion of experience {unknown}
 L - a potion of might {unknown}
Comestibles
 d - 15 rations


   Skills:
 + Level 5.3 Fighting
 + Level 5.3 Short Blades
 + Level 5.3 Long Blades
 + Level 5.3 Axes
 + Level 5.3 Maces & Flails
 + Level 5.3 Polearms
 + Level 5.3 Staves
 + Level 5.3 Slings
 + Level 5.3 Bows
 + Level 5.3 Crossbows
 + Level 5.3 Throwing
 + Level 5.3 Armour
 + Level 7.1 Dodging
 + Level 6.8 Stealth
 + Level 5.3 Shields
 + Level 5.3 Unarmed Combat
 + Level 9.0 Spellcasting
 + Level 4.9 Conjurations
 + Level 4.4 Hexes
 + Level 4.4 Charms
 + Level 4.9 Summonings
 + Level 4.4 Necromancy
 + Level 4.9 Translocations
 + Level 4.4 Transmutations
 + Level 4.4 Fire Magic
 + Level 4.4 Ice Magic
 + Level 4.4 Air Magic
 + Level 4.4 Earth Magic
 + Level 4.4 Poison Magic
 + Level 5.8 Invocations
 + Level 5.3 Evocations


You had 16 spell levels left.
You knew the following spells:

 Your Spells              Type           Power        Failure   Level  Hunger
a - Magic Dart            Conj           ####         1%          1    None
b - Blink                 Tloc           N/A          1%          2    None
c - Call Imp              Summ           #####...     1%          2    None
d - Conjure Flame         Conj/Fire      #####...     1%          3    None
e - Mephitic Cloud        Conj/Pois/Air  #####...     1%          3    None

Your spell library contained the following spells:

 Spells                   Type           Power        Failure   Level  Hunger
 Slow                     Hex            #####...     1%          2    None


Dungeon Overview and Level Annotations

Branches:
Dungeon (9/15)             Temple (1/1) D:5            Lair (0/6) D:8
    Orc: D:9-12

Altars:
Ashenzari
Cheibriados
Dithmenos
Elyvilon
Fedhas
Gozag
Kikubaaqudgha
Makhleb
Nemelex Xobeh
Okawaru
Qazlal
Ru
Trog
Uskayaw
Wu Jian
Xom
Yredelemnul
The Shining One

Annotations:
D:6 Dowan, Duvessa


Innate Abilities, Weirdness & Mutations

Your experience applies equally to all skills.
You have very sharp teeth.
Your uncanny sense of smell can sniff out nearby items.


Message History

The two-headed ogre hits you with a cursed -1 giant club!!
The two-headed ogre hits you with a +0 giant club!!
Casting: Blink (safe; 1% risk of failure)
Confirm with . or Enter, or press ? or * to list all spells.
You blink.
Your magical contamination has completely faded away.
Casting: Blink (safe; 1% risk of failure)
Confirm with . or Enter, or press ? or * to list all spells.
Aiming: Mephitic Cloud (safe; 1% risk of failure)
Press: ? - help, Shift-Dir - straight line, f/p - two-headed ogre
Aim: a two-headed ogre, wielding a -1 giant club and a +0 giant club (almost The ball explodes into a vile cloud!
The stinking cloud engulfs the two-headed ogre.
The two-headed ogre is almost dead.
You hear a shout!
The two-headed ogre is engulfed in noxious fumes.
The two-headed ogre is engulfed in noxious fumes.
The cyclops throws a large rock.
The large rock closely misses you.
The cyclops throws a large rock.
The large rock hits you!!
You die... .YYYY..###.###.##.......(....#### ####.####........§§#....(........ #'# #...##.#..§#....(........
YYY

#...##.#.§§#..#.###c#.... .....
#...##.#...#........#....
#.....##...#...(..#..#.#####....
##.....####.....O.##..#.# #....
.......# ##.......##..#.# ###....
##.....# #......@.(...#.###.#....
.. #...#.##........##.##### #...
#......#........##.# ..#
.....#..#...........##### #'##
.........#####C#.###.##... ....
.........##.............## ....
......................##.## ....
.......##...................
.......C....##....#...#...#...#..


You could see a two-headed ogre and a cyclops.

Vanquished Creatures
  Joseph (D:8)
  A wyvern (D:8)
  13 yaks
  A hungry ghost (D:9)
  A sky beast (D:9)
  2 orc warriors
  An eye of draining (D:7)
  An ice beast (D:6)
  7 ogres
  3 centaurs
  A big kobold (D:6)
  A water moccasin zombie (D:9)
  2 scorpions
  A howler monkey (D:5)
  A crimson imp (D:7)
  A bullfrog zombie (D:9)
  A centaur zombie (D:5)
  3 hounds
  5 jellies
  5 orc wizards
  3 bullfrog skeletons
  4 orc priests
  2 iguanas (D:6)
  6 worker ants
  A killer bee zombie (D:8)
  A hound skeleton (D:5)
  Robin (D:2)
  A howler monkey skeleton (D:5)
  17 adders
  2 shadow imps
  5 oozes
  An adder skeleton (D:4)
  An adder zombie (D:5)
  4 worms
  4 dart slugs
  A leopard gecko (D:2)
  27 orcs
  6 bats
  5 giant cockroaches
  14 goblins
  18 hobgoblins
  5 jackals
  3 quokkas
  2 ball pythons
  4 frilled lizards
  16 kobolds
  2 leopard gecko skeletons (D:4)
  2 quokka skeletons
  A quokka zombie (D:8)
  9 rats
220 creatures vanquished.

Vanquished Creatures (collateral kills)
  An adder (D:2)
  An ooze (D:8)
  A goblin (D:2)
3 creatures vanquished.

Vanquished Creatures (others)
  A frilled lizard (D:4)
1 creature vanquished.

Grand Total: 224 creatures vanquished

Notes
Turn   | Place    | Note
-------+----------+-------------------------------------------
     0 | D:1      | rabbit the Gnoll Wizard began the quest for the Orb.
     0 | D:1      | Reached XP level 1. HP: 13/13 MP: 8/8
   262 | D:1      | Reached XP level 2. HP: 19/19 MP: 7/10
   266 | D:1      | Learned a level 2 spell: Blink
   269 | D:1      | Learned a level 2 spell: Call Imp
   814 | D:1      | Reached XP level 3. HP: 25/25 MP: 11/11
   822 | D:1      | Learned a level 3 spell: Conjure Flame
   826 | D:1      | Learned a level 3 spell: Mephitic Cloud
  1459 | D:1      | Found a sparkling altar of Nemelex Xobeh.
  1577 | D:2      | Reached skill level 1 in Invocations
  1828 | D:2      | Reached skill level 1 in Fighting
  1828 | D:2      | Reached skill level 1 in Short Blades
  1828 | D:2      | Reached skill level 1 in Long Blades
  1828 | D:2      | Reached skill level 1 in Axes
  1828 | D:2      | Reached skill level 1 in Maces & Flails
  1828 | D:2      | Reached skill level 1 in Polearms
  1828 | D:2      | Reached skill level 1 in Staves
  1828 | D:2      | Reached skill level 1 in Slings
  1828 | D:2      | Reached skill level 1 in Bows
  1828 | D:2      | Reached skill level 1 in Crossbows
  1828 | D:2      | Reached skill level 1 in Throwing
  1828 | D:2      | Reached skill level 1 in Armour
  1828 | D:2      | Reached skill level 1 in Shields
  1828 | D:2      | Reached skill level 1 in Unarmed Combat
  1828 | D:2      | Reached skill level 1 in Evocations
  1878 | D:2      | Reached XP level 4. HP: 32/32 MP: 9/13
  2197 | D:2      | Reached skill level 1 in Hexes
  2197 | D:2      | Reached skill level 1 in Charms
  2197 | D:2      | Reached skill level 1 in Necromancy
  2197 | D:2      | Reached skill level 1 in Transmutations
  2197 | D:2      | Reached skill level 1 in Fire Magic
  2197 | D:2      | Reached skill level 1 in Ice Magic
  2197 | D:2      | Reached skill level 1 in Air Magic
  2197 | D:2      | Reached skill level 1 in Earth Magic
  2197 | D:2      | Reached skill level 1 in Poison Magic
  2453 | D:2      | Reached XP level 5. HP: 33/37 MP: 2/14
  2560 | D:2      | Noticed Robin
  2720 | D:2      | Killed Robin
  3429 | D:3      | Found a blossoming altar of Fedhas.
  4265 | D:4      | Reached XP level 6. HP: 34/44 MP: 10/16
  4577 | D:4      | Reached skill level 5 in Dodging
  4697 | D:4      | Found a stormy altar of Qazlal.
  5263 | D:4      | Reached XP level 7. HP: 50/50 MP: 4/18
  5482 | D:5      | Entered Level 5 of the Dungeon
  5713 | D:5      | Found a staircase to the Ecumenical Temple.
  5722 | Temple   | Entered the Ecumenical Temple
  5729 | Temple   | Became a worshipper of Ashenzari the Shackled
  6891 | D:6      | Reached skill level 5 in Stealth
  7050 | D:6      | Noticed a moth of wrath
  7053 | D:6      | Found a bloodstained altar of Trog.
  7408 | D:6      | Reached XP level 8. HP: 41/57 MP: 19/19
  8543 | D:6      | Noticed Duvessa
  8543 | D:6      | Noticed Dowan
  9691 | D:6      | Reached skill level 8 in Spellcasting
 10140 | D:7      | Got the war axe of Incongruity {chop, +Blink rN+ Str+5}
 10141 | D:7      | Identified the +8 war axe of Incongruity {chop, +Blink rN+
                  | Str+5} (You found it on level 7 of the Dungeon)
 10420 | D:7      | Reached XP level 9. HP: 65/65 MP: 17/21
 10731 | D:8      | Found a staircase to the Lair.
 10760 | D:8      | Noticed Joseph
 10770 | D:8      | Killed Joseph
 10999 | D:8      | Reached * piety under Ashenzari
 11181 | D:8      | Found a sacrificial altar of Ru.
 12111 | D:8      | Reached skill level 5 in Invocations
 12359 | D:8      | Reached XP level 10. HP: 64/73 MP: 12/22
 12480 | D:9      | Identified the +10 falchion of Tiwattim {slice, Str+8 Int+4
                  | SInv}
 12619 | D:9      | Noticed a cyclops
 13002 | D:8      | Reached skill level 5 in Fighting
 13002 | D:8      | Reached skill level 5 in Short Blades
 13002 | D:8      | Reached skill level 5 in Long Blades
 13002 | D:8      | Reached skill level 5 in Axes
 13002 | D:8      | Reached skill level 5 in Maces & Flails
 13002 | D:8      | Reached skill level 5 in Polearms
 13002 | D:8      | Reached skill level 5 in Staves
 13002 | D:8      | Reached skill level 5 in Slings
 13002 | D:8      | Reached skill level 5 in Bows
 13002 | D:8      | Reached skill level 5 in Crossbows
 13002 | D:8      | Reached skill level 5 in Throwing
 13002 | D:8      | Reached skill level 5 in Armour
 13002 | D:8      | Reached skill level 5 in Shields
 13002 | D:8      | Reached skill level 5 in Unarmed Combat
 13002 | D:8      | Reached skill level 5 in Evocations
 13988 | D:9      | Noticed a two-headed ogre
 14383 | D:9      | Reached skill level 9 in Spellcasting
 15075 | D:9      | Hit by a large rock thrown by a cyclops

Vault maps used:
D:1:      lemuel_arrival_muddy, kennysheep_another_room,
          nemelex_diamond_rough_becter
D:2:      first_ration, uniq_robin
D:3:      kennysheep_six_static_rooms, serial_glass, glass_columns_a,
          glass_columns_a, item_on_display_a, fedhas_altar_1
D:4:      grunt_qazlal_clouds
D:5:      minmay_temple_entry_junction, hangedman_decor_riveting
D:6:      roderic_lattice_a, tgw_trog, uniq_duvessa
D:8:      minmay_klotski, nicolae_ru_awakened_eye,
          hangedman_little_slice_of_home, uniq_joseph
D:9:      cheibrodos_fzero
Temple:   dpeg_three_leaves_temple

Skill      XL: |  1  2  3  4  5  6  7  8  9 10 |
---------------+-------------------------------+-----
Conjurations   | 2 3 4 |  4.9
Summonings     | 2 3 4 |  4.9
Translocations | 2 3 4 |  4.9
Invocations    | 1 2 3 4 5 |  5.8
Fighting       | 1 2 3 4 5 |  5.3
Short Blades   | 1 2 3 4 5 |  5.3
Long Blades    | 1 2 3 4 5 |  5.3
Axes           | 1 2 3 4 5 |  5.3
Maces & Flails | 1 2 3 4 5 |  5.3
Polearms       | 1 2 3 4 5 |  5.3
Staves         | 1 2 3 4 5 |  5.3
Slings         | 1 2 3 4 5 |  5.3
Bows           | 1 2 3 4 5 |  5.3
Crossbows      | 1 2 3 4 5 |  5.3
Throwing       | 1 2 3 4 5 |  5.3
Armour         | 1 2 3 4 5 |  5.3
Shields        | 1 2 3 4 5 |  5.3
Unarmed Combat | 1 2 3 4 5 |  5.3
Evocations     | 1 2 3 4 5 |  5.3
Hexes          | 1 2 3 4 |  4.4
Charms         | 1 2 3 4 |  4.4
Necromancy     | 1 2 3 4 |  4.4
Transmutations | 1 2 3 4 |  4.4
Fire Magic     | 1 2 3 4 |  4.4
Ice Magic      | 1 2 3 4 |  4.4
Air Magic      | 1 2 3 4 |  4.4
Earth Magic    | 1 2 3 4 |  4.4
Poison Magic   | 1 2 3 4 |  4.4
Dodging        | 5 6 7 |  7.1
Stealth        | 5 6 |  6.8
Spellcasting   | 8 9 |  9.0

Action                   |  1- 3 |  4- 6 |  7- 9 | 10-12 || total
-------------------------+-------+-------+-------+-------++-------
Melee: Short sword       |    19 |     7 |       |       ||    26
       Bite              |     2 |     2 |     9 |    14 ||    27
       Mace              |       |    24 |    84 |       ||   108
       War axe           |       |       |    29 |     5 ||    34
       Punch             |       |       |     1 |       ||     1
       Falchion          |       |       |       |    49 ||    49
 Fire: Hunting sling     |       |       |    42 |    25 ||    67
Throw: Stone             |       |       |     6 |     6 ||    12
 Cast: Magic Dart        |    80 |   125 |   138 |    17 ||   360
       Call Imp          |     2 |     2 |     2 |     1 ||     7
       Conjure Flame     |       |    11 |    50 |    39 ||   100
       Mephitic Cloud    |       |     8 |    47 |    25 ||    80
       Blink             |       |       |    16 |     6 ||    22
Invok: Curse Item        |       |       |     1 |       ||     1
  Use: Scroll            |     1 |     1 |     1 |       ||     3
 Stab: Sleeping          |     7 |     4 |     3 |     1 ||    15
       Confused          |       |       |     6 |       ||     6
  Eat: Chunk             |     3 |    10 |    15 |     5 ||    33
       Ration            |       |       |     2 |     1 ||     3
Armor: Robe              |     2 |    13 |    12 |     3 ||    30
Dodge: Dodged            |    35 |    29 |   104 |    52 ||   220
       Rpst.: Falchion   |       |       |       |    17 ||    17

Table legend:
 A = Non-vault XP
 B = Vault XP
 C = Vault XP percentage of total XP
 D = Non-vault monster count
 E = Vault monster count
 F = Vault count percentage of total count
                 A         B        C        D         E       F
            +---------+---------+-------+---------+---------+-------
      Total |    6113 |    1232 |  16.8 |     183 |      40 |  17.9
            +---------+---------+-------+---------+---------+-------
        D:1 |      52 |       0 |   0.0 |      29 |       0 |   0.0
        D:2 |     130 |      28 |  17.7 |      27 |      11 |  28.9
        D:3 |      32 |      19 |  37.3 |      10 |       5 |  33.3
        D:4 |     430 |       0 |   0.0 |      22 |       0 |   0.0
        D:5 |     306 |       0 |   0.0 |      17 |       0 |   0.0
        D:6 |     827 |       9 |   1.1 |      26 |       5 |  16.1
        D:7 |     565 |       0 |   0.0 |      20 |       0 |   0.0
        D:8 |    2346 |     902 |  27.8 |      14 |      11 |  44.0
        D:9 |    1425 |     274 |  16.1 |      18 |       8 |  30.8
            +---------+---------+-------+---------+---------+-------
